 Dungeon Crawl Stone Soup version 0.21.1-1-g345015fe64 (webtiles) character file.

32 Jannitor the Digger (level 3, -1/14 HPs)
             Began as a Felid Earth Elementalist on May 12, 2018.
             Slain by a worker ant (3 damage)
             ... on level 2 of the Dungeon.
             The game lasted 00:03:30 (1314 turns).

Jannitor the Digger (Felid Earth Elementalist)      Turns: 1314, Time: 00:03:31

Health: -1/14      AC:  1    Str:  4    XL:     3   Next: 10%
Magic:  5/7        EV: 18    Int: 17    God:
Gold:   59         SH:  0    Dex: 16    Spells: 6/7 levels left
                                        Lives:  0   Deaths: 0

rFire    . . .     SeeInvis +   (weapon unavailable)
rCold    . . .     Gourm    .   (shield unavailable)
rNeg     . . .     Faith    .   (armour unavailable)
rPois    .         Spirit   .   (helmet unavailable)
rElec    .         Reflect  .   (cloak unavailable)
rCorr    .         Harm     .   (gloves unavailable)
MR       .....                  (boots unavailable)
Stlth    +++.......             (no amulet)
HPRegen  0.04/turn              (no ring)
MPRegen  0.10/turn              (no ring)

@: lethally poisoned (-1 -> -22), quick
A: very small, no armour, no weapons or thrown items, stealth, claws 1, fangs 3,
see invisible, carnivore, speed 1, shaggy fur 1, slow metabolism 1, sharp paws
a: no special abilities


You were on level 2 of the Dungeon.
You were completely stuffed.

You visited 1 branch of the dungeon, and saw 2 of its levels.

You collected 59 gold pieces.

Inventory:

Missiles
 b - 67 stones
Scrolls
 e - 3 scrolls of identify {unknown}
 f - a scroll of enchant weapon {unknown}
 g - 2 scrolls of amnesia {unknown}
 h - a scroll of teleportation {unknown}
 i - a scroll of remove curse {unknown}
 k - a scroll of fear {unknown}
Potions
 a - a potion of curing {unknown}
Books
 d - a book of Geomancy

   Spells                             Type                      Level
   a - Sandblast                      Earth                        1
   b - Passwall                       Transmutation/Earth          2
   c - Stone Arrow                    Conjuration/Earth            3
   d - Petrify                        Transmutation/Earth          4
   e - Lee's Rapid Deconstruction     Earth                        5
Comestibles
 c - 4 rations
 j - 4 chunks of flesh


   Skills:
 + Level 2.9 Dodging
 + Level 3.0 Stealth
 + Level 0.2 Unarmed Combat
 - Level 2.5 Spellcasting
   Level 1.1 Transmutations
 + Level 3.2 Earth Magic


You had 6 spell levels left.
You knew the following spells:

 Your Spells              Type           Power        Failure   Level  Hunger
a - Sandblast             Erth           ##....       4%          1    #......


Dungeon Overview and Level Annotations

Branches:
Dungeon (2/15)

Altars:


Innate Abilities, Weirdness & Mutations

You cannot wear armour.
You are incapable of wielding weapons or throwing items.
Your paws allow you to move quietly. (Stealth)
You have sharp claws.
You have razor-sharp teeth.
You have supernaturally acute eyesight. (SInv)
You are carnivorous and can eat meat at any time.
You cover ground quickly.
You are covered in fur. (AC +1)
You have a slow metabolism.
Your sharp claws are effective at attacking unaware monsters.


Message History

b - 68 stones You feel sick.
The adder hisses angrily.
The worker ant bites you.
You are more poisoned.
The worker ant poisons you! The worker ant bites you.
* * * LOW HITPOINT WARNING * * *
You are more poisoned.
The worker ant poisons you!
Casting: Sandblast
Confirm with . or Enter, or press ? or * to list all spells.
Aiming: Sandblast
Press: ? - help, Shift-Dir - straight line, f/p - worker ant
Aim: a worker ant (heavily wounded)
The blast of sand hits the worker ant.
The worker ant is heavily wounded.
b - 67 stones
* * * LOW HITPOINT WARNING * * *
You feel sick. The worker ant bites you.
You die...

#...# .## #...# ####.
s## #...# #... ....
#######...#####.##...#
.................#...#
.....†................
.................#.#
.##.###...#####.##.#.#
#. #...# #.@aS..# #
#...# ####.### #...# #
#...# #. .#


You could see a worker ant and an adder.

Vanquished Creatures
  A worm (D:2)
  4 dart slugs
  A giant cockroach (D:1)
  3 goblins
  A hobgoblin (D:1)
  3 kobolds
  2 ball pythons
  2 bats (D:1)
  2 frilled lizards (D:2)
  3 rats
22 creatures vanquished.

Notes
Turn   | Place    | Note
-------+----------+-------------------------------------------
     0 | D:1      | Jannitor the Felid Earth Elementalist began the quest for the Orb.
     0 | D:1      | Reached XP level 1. HP: 7/7 MP: 4/4
   285 | D:1      | Reached XP level 2. HP: 9/11 MP: 6/6
  1245 | D:2      | Reached XP level 3. HP: 14/14 MP: 3/7
  1314 | D:2      | Slain by a worker ant

Skill      XL: |  1  2 |
---------------+-------+-----
Earth Magic    | 3 |  3.2
Stealth        | 3 |  3.0
Dodging        | |  2.9
Unarmed Combat | |  0.2
Spellcasting   | |  2.5
Transmutations | |  1.1

Action                   || total
-------------------------++-------
Melee: Unarmed           ||    54
       Bite              ||     4
 Cast: Sandblast         ||    16
 Stab: Sleeping          ||     6
  Eat: Chunk             ||     8
Armor: Skin              ||     2
Dodge: Dodged            ||    55
